 Dungeon Crawl Stone Soup version 0.21.1-1-g345015f (webtiles) character file.

51 sking99 the Magician (level 3, -2/19 HPs)
             Began as a Deep Elf Venom Mage on June 29, 2018.
             Slain by a worm (12 damage)
             ... on level 3 of the Dungeon.
             The game lasted 00:07:19 (1641 turns).

sking99 the Magician (Deep Elf Venom Mage)          Turns: 1641, Time: 00:07:20

Health: -2/19      AC:  2    Str:  5    XL:     3   Next: 58%
Magic:  1/10       EV: 13    Int: 20    God:
Gold:   178        SH:  0    Dex: 15    Spells: 4/10 levels left

rFire    . . .     SeeInvis .   l - +0 whip
rCold    . . .     Gourm    .   (no shield)
rNeg     . . .     Faith    .   a - +0 robe
rPois    .         Spirit   .   (no helmet)
rElec    .         Reflect  .   (no cloak)
rCorr    .         Harm     .   (no gloves)
MR       .....                  (no boots)
Stlth    ++........             (no amulet)
HPRegen  0.06/turn              (no ring)
MPRegen  0.12/turn              (no ring)

@: no status effects
A: no striking features
a: no special abilities


You were on level 3 of the Dungeon.
You were not hungry.

You visited 1 branch of the dungeon, and saw 3 of its levels.

You collected 178 gold pieces.

Inventory:

Hand Weapons
 l - a +0 whip (weapon)
Armour
 a - a +0 robe (worn)
Jewellery
 m - an uncursed ring of positive energy {unknown}
Scrolls
 d - a scroll of enchant armour {unknown}
 e - 3 scrolls of remove curse {unknown}
 f - 2 scrolls of identify {unknown}
 k - a scroll of immolation {unknown}
 o - a scroll of fog {unknown}
 p - a scroll of amnesia {unknown}
Potions
 g - a potion of ambrosia {unknown}
 h - a potion of heal wounds {unknown}
 j - a potion of resistance {unknown}
 n - a potion of flight {unknown}
Books
 b - a Young Poisoner's Handbook

   Spells                             Type                      Level
   a - Sting                          Conjuration/Poison           1
   b - Poisonous Vapours              Poison/Air                   2
   c - Mephitic Cloud                 Conjuration/Poison/Air       3
   d - Olgreb's Toxic Radiance        Poison                       4
   e - Venom Bolt                     Conjuration/Poison           5
Comestibles
 c - 2 rations


   Skills:
 - Level 2.4 Dodging
 - Level 2.4 Stealth
 * Level 4.4 Spellcasting
 + Level 2.0 Conjurations
 + Level 0.4 Air Magic
 + Level 3.7 Poison Magic


You had 4 spell levels left.
You knew the following spells:

 Your Spells              Type           Power        Failure   Level  Hunger
a - Sting                 Conj/Pois      ###.         3%          1    None
b - Poisonous Vapours     Pois/Air       ##....       8%          2    #......
c - Mephitic Cloud        Conj/Pois/Air  ##......     16%         3    ###....


Dungeon Overview and Level Annotations

Branches:
Dungeon (2/15)

Altars:
Dithmenos
Trog


Message History

Aiming: Poisonous Vapours
Press: ? - help, Dir - move target cursor, f/p - dart slug
Aim: a dart slug (moderately wounded, poisoned, clinging) Poisonous vapours surround the dart slug!
The quokka bites you.
The worm looks more healthy.
The quokka barely misses you.
You barely miss the quokka.
The quokka is severely wounded.
You kill the dart slug!
You kill the quokka!
Casting: Poisonous Vapours
Confirm with . or Enter, or press ? or * to list all spells.
Aiming: Sting
Press: ? - help, Shift-Dir - straight line, f - worm
Aim: a worm (moderately wounded)
The sting hits the worm.
The worm is moderately wounded.
A goblin comes into view. It is wielding a club.
The worm bites you!
Ouch! That really hurt!
You die...

...##...g ... ..
....... .... #.
#.....##....
####.##...........
.................
..............
#### #........#
....##....w...#
..........@...#
.......†#######
........#...###
..............#
.....#†#....#.#
.......#....#.#
.......#....#.#
.......#.......
.......#........


You could see a worm.

Vanquished Creatures
  2 adders (D:2)
  A worm (D:2)
  A dart slug (D:3)
  3 ball pythons
  A giant cockroach (D:2)
  A goblin (D:2)
  5 hobgoblins (D:2)
  4 kobolds
  A quokka (D:3)
  5 bats
  A frilled lizard (D:2)
  5 rats
30 creatures vanquished.

Notes
Turn   | Place    | Note
-------+----------+-------------------------------------------
     0 | D:1      | sking99 the Deep Elf Venom Mage began the quest for the Orb.
     0 | D:1      | Reached XP level 1. HP: 10/10 MP: 6/6
   665 | D:2      | Reached XP level 2. HP: 15/15 MP: 5/8
   962 | D:2      | Reached skill level 4 in Spellcasting
   962 | D:2      | Reached XP level 3. HP: 18/19 MP: 0/10
  1130 | D:2      | Learned a level 2 spell: Poisonous Vapours
  1134 | D:2      | Learned a level 3 spell: Mephitic Cloud
  1314 | D:2      | Found a shadowy altar of Dithmenos.
  1483 | D:2      | Found a bloodstained altar of Trog.
  1616 | D:2      | You fall through a shaft!
  1641 | D:3      | Slain by a worm

Skill      XL: |  1  2  3 |
---------------+----------+-----
Spellcasting   | 4 |  4.4
Conjurations   | 2 |  2.0
Dodging        | |  2.4
Stealth        | |  2.4
Air Magic      | |  0.4
Poison Magic   | |  3.7

Action                   || total
-------------------------++-------
Melee: Unarmed           ||     7
       Whip              ||     2
 Cast: Sting             ||    53
       Poisonous Vapours ||    16
  Eat: Chunk             ||     2
Armor: Robe              ||     9
Dodge: Dodged            ||    24
